 Dungeon Crawl Stone Soup version 0.28-a0-751-gef3a642a4e (webtiles) character file.

Game seed: 1563289548131873030

2328 funkygono the Firebug (level 9, -4/48 HPs)
             Began as a Gargoyle Fire Elementalist on Oct 30, 2021.
             Was a Follower of Vehumet.
             Slain by a yak (11 damage)
             ... on level 8 of the Dungeon.
             The game lasted 00:18:24 (7362 turns).

funkygono the Firebug (Gargoyle Fire Elementalist)  Turns: 7362, Time: 00:18:25

Health: -4/48      AC: 21    Str: 12    XL:     9   Next: 42%
Magic:  11/19      EV: 11    Int: 19    God:    Vehumet [*.....]
Gold:   508        SH:  0    Dex: 10    Spells: 12/22 levels left

rFire   . . .      SeeInvis .   g - +4 whip (freeze)
rCold   . . .      Faith    .   (no shield)
rNeg    + + .      Spirit   .   v - +10 Cigotuvi's embrace {rMiasma Drain rN+}
rPois   ∞          Reflect  .   (no helmet)
rElec   +          Harm     .   q - +1 cloak
rCorr   .          Rampage  .   (no gloves)
Will    .....                   (no boots)
Stlth   ++........              r - amulet of regeneration
HPRegen 1.16/turn               (no ring)
MPRegen 0.16/turn               (no ring)

@: no status effects
A: sickness immunity, AC +6, negative energy resistance 1, electricity
resistance, torment resistance 1, petrification resistance
a: Renounce Religion


You were on level 8 of the Dungeon.
You worshipped Vehumet.
Vehumet was aware of your devotion.
You visited 2 branches of the dungeon, and saw 9 of its levels.

You collected 508 gold pieces.

Inventory:

Hand Weapons
 b - a +0 mace
 g - a +4 whip of freezing (weapon)
Missiles
 e - 222 stones
Armour
 a - a +0 robe
 c - a +0 ring mail
 n - a +0 leather armour
 q - a +1 cloak (worn)
 v - the +10 Cigotuvi's embrace (worn) {rMiasma Drain rN+}
   (You found it on level 5 of the Dungeon)

   It gathers nearby corpses to temporarily increase the armour it provides.
   It protects you from foul pestilence.
   rN:        It protects you from negative energy.
   Drain:     It drains your maximum health when unequipped.
Jewellery
 l - an amulet of magic regeneration
 r - an amulet of regeneration (around neck)
Wands
 h - a wand of flame (12)
 p - a wand of iceblast (7)
 w - a wand of paralysis (9)
Scrolls
 d - 2 scrolls of fear
 f - a scroll of teleportation
 j - a scroll of brand weapon
 u - a scroll of fog
 x - a scroll of amnesia
Potions
 i - a potion of brilliance
 k - a potion of attraction
 m - a potion of heal wounds
 o - a potion of resistance
 s - a potion of might
 t - a potion of lignification {unknown}


   Skills:
 + Level 1.6 Fighting
 + Level 1.6 Maces & Flails
 * Level 3.2 Armour
 + Level 2.2 Dodging
 - Level 2.1 Stealth
 * Level 7.0 Spellcasting
 * Level 6.2 Conjurations
 * Level 7.2 Fire Magic


You had 12 spell levels left.
You knew the following spells:

 Your Spells              Type           Power      Damage    Failure   Level
a - Foxfire               Conj/Fire      100%       2x1d9     1%          1
b - Scorch                Fire           68%        2d8       1%          2
c - Conjure Flame         Conj/Fire      32%        6-21      2%          3
d - Flame Wave            Conj/Fire      32%        3d7       9%          4

Your spell library contained the following spells:

 Spells                   Type           Power      Damage    Failure   Level
 Freeze                   Ice            24%        1d5       13%         1
 Inner Flame              Hex/Fire       20%        N/A       9%          3
 Sting                    Tmut/Pois      24%        1d4       13%         1
 Corpse Rot               Necr/Air       12%        N/A       19%         2
 Ensorcelled Hibernation  Hex/Ice        12%        N/A       19%         2
 Poisonous Vapours        Pois/Air       12%        N/A       19%         2
 Hailstorm                Conj/Ice       18%        3d6       34%         4
 Frozen Ramparts          Ice            12%        1d3       36%         3
 Tukima's Dance           Hex            6%         N/A       36%         3
 Olgreb's Toxic Radiance  Pois           6%         N/A       77%         4
 Freezing Cloud           Conj/Ice/Air   7%         6-21      83%         5
 Simulacrum               Ice/Necr       3%         N/A       100%        6
 Polar Vortex             Ice            3%         N/A       100%        9


Dungeon Overview and Level Annotations

Branches:
Dungeon (8/15)             Temple (1/1) D:5
   Lair: D:8-11

Altars:
Ashenzari
Cheibriados
Elyvilon
Fedhas
Gozag
Hepliaklqana
Kikubaaqudgha
Nemelex Xobeh
Okawaru
Qazlal
Ru
Sif Muna
Trog
Uskayaw
Vehumet
Wu Jian
Xom
Zin
The Shining One

Shops:
D:1 [   D:2 (


Innate Abilities, Weirdness & Mutations

You are immune to sickness and miasma.
Your stone body is resilient. (AC +6)
You are immune to poison.
You resist negative energy. (rN+)
You are resistant to electric shocks. (rElec)
You are resistant to unholy torment.
You are immune to petrification.


Message History

The yak is severely wounded.
The flame wave engulfs the yak!
The yak is lightly wounded. (Press . to intensify the flame waves.)
The yak gores you! x3
* * * LOW HITPOINT WARNING * * *
A wave of flame ripples out!
The flame wave engulfs the yak!
The yak is heavily wounded.
The flame wave engulfs the yak!
You kill the yak!
Vehumet accepts your kill.
The flame wave engulfs the yak.
The yak is moderately wounded.
The flame wave engulfs the yak!
The yak is severely wounded.
The flame wave engulfs the two-headed ogre!
The two-headed ogre is moderately wounded.
The flame wave engulfs the yak!
The yak is moderately wounded.
The bodies of the dead rush to embrace you!
The yak gores you.
* * * LOW HITPOINT WARNING * * *
The yak barely misses you. x2
Your Spellcasting skill increases to level 7!
Unknown command.
A wave of flame ripples out!
The flame wave engulfs the yak!
The yak is severely wounded.
The flame wave engulfs the yak!
The yak is severely wounded.
The flame wave engulfs the yak.
The yak is moderately wounded.
The flame wave engulfs the two-headed ogre!
The two-headed ogre is moderately wounded.
The flame wave engulfs the yak!
The yak is almost dead.
You finish channelling waves of flame.
The yak gores you but does no damage. The yak gores you.
* * * LOW HITPOINT WARNING * * *
The yak gores you but does no damage. The yak gores you!
You die...

#.#..# ##..##....
...##.# ##.## #.
### #.###..#
#.#...## #...###
#..##
###.############.
###.........O......
#...#####..@Y.<....
##### #..YYY......
#...........
#...........
#...........
#...........
##..........
##.......".


You could see a two-headed ogre and 4 yaks.

Vanquished Creatures
  Eustachio (D:6)
  A yak (D:8)
  A water moccasin (D:7)
  A sky beast (D:6)
  3 black bears
  A necrophage (D:6)
  2 ogres
  A kobold brigand (D:6)
  3 scorpions (D:6)
  8 wights (D:6)
  A bullfrog skeleton (D:4)
  2 centaur zombies (D:5)
  2 orc priests
  3 hounds
  3 iguanas
  6 orc wizards
  A killer bee zombie (D:7)
  2 hound skeletons
  4 howler monkey skeletons
  A howler monkey zombie (D:7)
  6 adders
  A white imp (D:5)
  3 dart slugs (D:2)
  21 orcs
  6 bats
  10 endoplasms
  4 giant cockroaches
  8 goblins
  7 hobgoblins
  9 jackals
  4 quokkas (D:1)
  3 ball pythons
  5 frilled lizards
  14 kobolds
  2 rats (D:1)
150 creatures vanquished.

Vanquished Creatures (others)
  514 foxfires
514 creatures vanquished.

Grand Total: 664 creatures vanquished

Notes
Turn   | Place    | Note
-------+----------+-------------------------------------------
     0 | D:1      | funkygono the Gargoyle Fire Elementalist began the quest
                  | for the Orb.
     0 | D:1      | Reached XP level 1. HP: 10/10 MP: 3/3
   163 | D:1      | Reached XP level 2. HP: 15/15 MP: 3/5
   166 | D:1      | Learned a level 2 spell: Scorch
   462 | D:1      | Reached XP level 3. HP: 19/19 MP: 1/6
   469 | D:1      | Learned a level 3 spell: Conjure Flame
   518 | D:1      | Found Puilup's Armour Boutique.
  1513 | D:2      | Reached XP level 4. HP: 24/24 MP: 4/8
  1791 | D:2      | Found Vouriami's Antique Weapon Shoppe.
  1962 | D:3      | Reached XP level 5. HP: 28/28 MP: 1/10
  2612 | D:3      | Found a hide-covered altar of Uskayaw.
  3224 | D:3      | Learned a level 4 spell: Flame Wave
  3398 | D:4      | Noticed an ogre
  3404 | D:4      | Killed an ogre
  3405 | D:4      | Reached XP level 6. HP: 32/32 MP: 6/12
  3454 | D:4      | You fall into a shaft and drop 3 floors!
  3616 | D:7      | Found a white marble altar of Elyvilon.
  3716 | D:7      | Noticed a water moccasin
  3722 | D:7      | Killed a water moccasin
  3723 | D:7      | Reached skill level 1 in Armour
  3723 | D:7      | Reached XP level 7. HP: 35/36 MP: 8/13
  3781 | D:6      | Reached skill level 1 in Fighting
  3943 | D:6      | Noticed Eustachio
  3953 | D:6      | Killed Eustachio
  3954 | D:6      | Reached skill level 5 in Spellcasting
  3954 | D:6      | Reached skill level 5 in Fire Magic
  3977 | D:5      | Entered Level 5 of the Dungeon
  3977 | D:5      | Found a staircase to the Ecumenical Temple.
  3985 | Temple   | Entered the Ecumenical Temple
  4116 | Temple   | Became a worshipper of Vehumet
  4478 | D:4      | Reached XP level 8. HP: 43/43 MP: 12/16
  4812 | D:4      | Found a glowing silver altar of Zin.
  4812 | D:4      | Noticed an angel
  4846 | D:4      | Found a snail-covered altar of Cheibriados.
  5459 | D:5      | Reached * piety under Vehumet
  5459 | D:5      | Offered knowledge of Freeze by Vehumet.
  5460 | D:5      | Reached skill level 1 in Maces & Flails
  5877 | D:5      | Found the +4 Cigotuvi's embrace {rMiasma Drain rN+}
  6086 | D:6      | Reached skill level 5 in Conjurations
  6161 | D:6      | Reached XP level 9. HP: 47/47 MP: 12/18
  6316 | D:6      | Found an ornate altar of the Wu Jian Council.
  6316 | D:6      | Found a blossoming altar of Fedhas.
  7357 | D:8      | Noticed a two-headed ogre
  7362 | D:8      | Slain by a yak

Illustrated notes

Levels and vault maps discovered:
D:1:      lightli_arrival_isolated_outpost, layout_basic, serial_shops, shop,
          minmay_heptomino_h4
D:2:      layout_rooms, serial_shops, nicolae_shop_behind_doors
D:3:      layout_basic, mainiacjoe_overflow_alcove_2, minmay_goblin_kobold_house
D:4:      layout_layer_cave, zin_angel, general_overflow_altar
D:5:      layout_gridville, minmay_temple_entry_crystal_x
D:6:      layout_basic, gammafunk_temple_overflow_statue, uniq_eustachio
D:7:      layout_cave_pods, elyvilon_altar_5
D:8:      layout_rooms, enter_bailey_5, hellmonk_guarded_unrand_gong, uniq_pikel
Temple:   nicolae_temple_figure_eight

Skill      XL: |  1  2  3  4  5  6  7  8  9 |
---------------+----------------------------+-----
Conjurations   | 2 3 4 5 6 |  6.2
Spellcasting   | 3 4 5 6 7 |  7.0
Fire Magic     | 4 5 6 7 |  7.2
Armour         | 1 2 3 |  3.2
Fighting       | 1 |  1.6
Maces & Flails | 1 |  1.6
Dodging        | 2 |  2.2
Stealth        | |  2.1

Action                   |  1- 3 |  4- 6 |  7- 9 || total
-------------------------+-------+-------+-------++-------
Melee: Club              |    18 |       |       ||    18
       Whip              |       |    10 |    39 ||    49
 Cast: Foxfire           |    59 |    77 |   169 ||   305
       Scorch            |     4 |     4 |     7 ||    15
       Conjure Flame     |       |       |     1 ||     1
       Flame Wave        |       |       |     2 ||     2
  Use: Scroll            |       |     9 |     9 ||    18
Armor: Robe              |    14 |       |       ||    14
       Ring mail         |       |     4 |    10 ||    14
       Leather armour    |       |       |    22 ||    22
Dodge: Dodged            |    33 |    11 |    38 ||    82

Table legend: (Time is in decaauts)
 A = Elapsed time spent in this place.
 B = Non-inter-level travel time spent in this place.
 C = Inter-level travel time spent in this place.
 D = Time resting spent in this place.
 E = Time spent auto-exploring this place.
 F = Levels seen in this place.
 G = Mean time per level.
                   A        B        C        D        E       F      G
               +--------+--------+--------+--------+--------+-----+--------+
         Total |   7376 |   7209 |    167 |    489 |   5310 |   9 |  819.6 |
       Dungeon |   7153 |   6999 |    154 |    489 |   5104 |   8 |  894.1 |
        Temple |    222 |    210 |     12 |      0 |    206 |   1 |  222.0 |
               +--------+--------+--------+--------+--------+-----+--------+

Top non-repeatable levels by time:
     D:3: 1365 daAuts
     D:4: 1112 daAuts
     D:1: 1111 daAuts
     D:6: 1062 daAuts
     D:5: 828 daAuts
     D:2: 820 daAuts
     D:7: 807 daAuts
  Temple: 222 daAuts
     D:8: 45 daAuts
